 Dungeon Crawl Stone Soup version 0.27.0-1-g7a089689b8 (webtiles) character file.

Game seed: 15597803320776496505

38 tovald2 the Magician (level 3, 0/24 HPs)
             Began as a Demonspawn Hedge Wizard on Aug 17, 2021.
             Was a Follower of Qazlal.
             Succumbed to Jessica's poison
             ... on level 2 of the Dungeon.
             The game lasted 00:04:38 (1744 turns).

tovald2 the Magician (Demonspawn Hedge Wizard)      Turns: 1744, Time: 00:04:38

Health: 0/24       AC:  6    Str: 10    XL:     3   Next: 25%
Magic:  2/2        EV: 12    Int: 16    God:    Qazlal [*.....]
Gold:   112        SH:  1    Dex: 12    Spells: 5/8 levels left

rFire    . . .     SeeInvis .   d - +1 dagger (antimagic)
rCold    . . .     Faith    .   (no shield)
rNeg     . . .     Spirit   .   h - +0 ring mail
rPois    .         Reflect  .   c - +0 hat
rElec    .         Harm     .   (no cloak)
rCorr    .         Rampage  .   (no gloves)
Will     .....                  b - +0 pair of boots
Stlth    +.........             (no amulet)
HPRegen  0.08/turn              (no ring)
MPRegen  0.16/turn              (no ring)

@: lethally poisoned (0 -> -25)
A: repulsion field 1, magic regeneration
a: Renounce Religion


You were on level 2 of the Dungeon.
You worshipped Qazlal.
Qazlal was aware of your devotion.
You visited 1 branch of the dungeon, and saw 2 of its levels.

You collected 112 gold pieces.

Inventory:

Hand Weapons
 d - a +1 antimagic dagger (weapon)
 j - a +1 dagger of venom
 l - a +3 dagger
Armour
 b - a +0 pair of boots (worn)
 c - a +0 hat (worn)
 h - a +0 ring mail (worn)
Scrolls
 f - 3 scrolls of identify {unknown}
 i - a scroll of amnesia {unknown}
Potions
 a - a potion of flight {unknown}
 e - a potion of attraction {unknown}
 g - 2 potions of curing
 k - 2 potions of degeneration {unknown}
 m - a potion of lignification {unknown}
 n - 2 potions of might {unknown}


   Skills:
 * Level 0.2 Fighting
 * Level 1.2 Short Blades
 + Level 0.1 Armour
 * Level 2.1 Dodging
 * Level 2.2 Stealth
 + Level 3.3 Spellcasting
 - Level 1.0 Conjurations
 - Level 1.0 Summonings
 - Level 0.8 Translocations


You had 5 spell levels left.
You knew the following spells:

 Your Spells              Type           Power      Damage    Failure   Level
a - Magic Dart            Conj           20%        1d4       30%         1
b - Blink                 Tloc           N/A        N/A       45%         2

Your spell library contained the following spells:

 Spells                   Type           Power      Damage    Failure   Level
 Call Imp                 Summ           5%         N/A       43%         2
 Slow                     Hex            2%         N/A       56%         2
 Conjure Flame            Conj/Fire      4%         6-21      75%         3
 Mephitic Cloud           Conj/Pois/Air  3%         N/A       77%         3


Dungeon Overview and Level Annotations

Branches:
Dungeon (2/15)

Altars:
Qazlal
Uskayaw

Annotations:
D:2 Jessica


Innate Abilities, Weirdness & Mutations

You are surrounded by a mild repulsion field. (EV +2)
You regenerate magic rapidly.


Message History

You are frozen.
You hit the endoplasm.
You kill the endoplasm!
Qazlal accepts your kill.
You see here a frilled lizard corpse.
You open the door.
Found a hunting sling.
There is an open door here.
m - a coppery potion You see here a +0 hunting sling.
Found a puce potion.
n - 2 ruby potions Jessica the Apprentice Sorceress comes into view.
She is wielding a +3 dagger of venom.
Okay, then.
Jessica shouts!
Jessica gestures wildly while chanting.
Jessica seems to speed up.
Jessica gestures wildly while chanting.
Jessica blinks!
You hit Jessica but do no damage.
Jessica hits you with a +3 dagger of venom.
You barely miss Jessica. Jessica barely misses you.
You barely miss Jessica. Jessica hits you but does no damage.
You are poisoned.
Jessica hits you with a +3 dagger of venom.
You feel magic leave you.
d - a +1 antimagic dagger (weapon)
You feel sick.
Jessica says, "I'm really upset."
Jessica hits you with a +3 dagger of venom.
You are lethally poisoned!
You hit Jessica but do no damage.
* * * LOW HITPOINT WARNING * * *
You feel very sick.
Jessica hits you with a +3 dagger of venom.
* * * LOW HITPOINT WARNING * * *
You are more poisoned.
You hit Jessica.
Jessica's magic leaks into the air.
Jessica is moderately wounded.
You die...

.#... #... ..... #...
.. ##### ...#######..
# ........... #
#.!........ #
#.......... #.###
#..@......#+####....
##.§@..........##..##
#....§...#.....##..##
#..............##..##
#..............##..##
#..................##
#........###.†.......
#........# ##.......#
#........####.._...##
#........'...........


You could see Jessica (fast).

Vanquished Creatures
  A dart slug (D:1)
  5 endoplasms
  A giant cockroach (D:1)
  2 goblins (D:1)
  7 hobgoblins
  4 quokkas
  A ball python (D:1)
  A bat (D:1)
  2 frilled lizards (D:2)
  4 kobolds
  4 rats
32 creatures vanquished.

Vanquished Creatures (others)
  A fungus (D:1)
  A plant (D:1)
2 creatures vanquished.

Grand Total: 34 creatures vanquished

Notes
Turn   | Place    | Note
-------+----------+-------------------------------------------
     0 | D:1      | tovald2 the Demonspawn Hedge Wizard began the quest for the
                  | Orb.
     0 | D:1      | Reached XP level 1. HP: 13/13 MP: 4/4
   587 | D:1      | Gained mutation: You are surrounded by a mild repulsion
                  | field. (EV +2) [demonic ancestry]
   587 | D:1      | Reached XP level 2. HP: 19/19 MP: 2/6
   944 | D:1      | Reached skill level 1 in Short Blades
  1367 | D:1      | Found a faded altar of an unknown god.
  1371 | D:1      | Became a worshipper of Qazlal Stormbringer
  1371 | D:1      | Reached * piety under Qazlal
  1432 | D:2      | Gained mutation: You regenerate magic rapidly. [demonic
                  | ancestry]
  1432 | D:2      | Reached XP level 3. HP: 17/24 MP: 7/7
  1435 | D:2      | Learned a level 2 spell: Blink
  1639 | D:2      | Found a hide-covered altar of Uskayaw.
  1735 | D:2      | Noticed Jessica
  1744 | D:2      | Succumbed to Jessica's poison

Illustrated notes

Levels and vault maps discovered:
D:1:      nzn_arrival_depleted_hourglass, layout_basic,
          shapermc_ecumenical_altar_petra, minmay_vboxes
D:2:      layout_basic, basic_altar, minmay_fountain_box,
          minmay_randomly_rotated_circles, uniq_jessica

Skill      XL: |  1  2 |
---------------+-------+-----
Stealth        | 2 |  2.2
Short Blades   | 1 |  1.2
Dodging        | 2 |  2.1
Fighting       | |  0.2
Armour         | |  0.1
Spellcasting   | |  3.3
Conjurations   | |  1.0
Summonings     | |  1.0
Translocations | |  0.8

Action                   || total
-------------------------++-------
Melee: Dagger            ||   137
  Use: Potion            ||     1
 Stab: Sleeping          ||     2
Armor: Robe              ||     9
       Ring mail         ||    33
Dodge: Dodged            ||    73
